 Dungeon Crawl Stone Soup version 0.31-a0-1447-g87ca8d402b (webtiles) character file.

Game seed: 13745819020145978249

972 Sonofthefire the Fighter (level 8, -6/63 HPs)
             Began as an Octopode Shapeshifter on Dec 27, 2023.
             Mangled by a yak (17 damage)
             ... on level 5 of the Dungeon.
             The game lasted 00:07:54 (5293 turns).

Sonofthefire the Fighter (Octopode Shapeshifter)    Turns: 5293, Time: 00:07:55

Health: -6/63      AC:  1    Str: 15    XL:     8   Next: 16%
Magic:  8/8        EV: 13    Int: 13    God:
Gold:   287        SH:  5    Dex: 11    Spells: 7/7 levels left

rFire   . .          .
                       - Unarmed
rCold   . . .        (no shield)
rNeg    . . .        (helmet currently unavailable)
rPois   +            o - amulet of reflection
rElec   .            f - ring of poison resistance
rCorr   .            t - ring of see invisible
SInv    +            v - ring of willpower
Will    +....        (no ring)
Stlth   ++           (no ring)
HPRegen 0.30/turn    (no ring)
MPRegen 0.11/turn    (no ring)
                     (no ring)

%: reflection
@: beast-form, invisible
A: beast (slay +1), almost no armour, amphibious, 8 rings, camouflage 1,
gelatinous body 1, (nimble swimmer 1), tentacles
a: Begin Untransformation


You were on level 5 of the Dungeon.
You were a hulking beast.
You visited 1 branch of the dungeon, and saw 5 of its levels.
You also visited: Sewer.

You collected 287 gold pieces.

Inventory:

Jewellery
 f - a ring of poison resistance (left tentacle)
 o - an amulet of reflection (around mantle)
 t - a ring of see invisible (right tentacle)
 v - a ring of willpower (on tentacle)
Talismans
 b - a beast talisman
 c - a flux talisman
 x - a maw talisman
Wands
 w - a wand of charming (7)
Scrolls
 a - a scroll of silence {unknown}
 d - a scroll of teleportation {unknown}
 e - a scroll of acquirement {unknown}
 g - 2 scrolls of identify {unknown}
 i - a scroll of immolation {unknown}
 j - a scroll of summoning {unknown}
 k - a scroll of fog {unknown}
 m - a scroll of vulnerability {unknown}
 p - 3 scrolls of noise {unknown}
 q - a scroll of enchant armour {unknown}
 r - 2 scrolls of blinking
 s - a scroll of poison {unknown}
Potions
 h - 2 potions of curing
 l - a potion of cancellation {unknown}
 n - a potion of haste {unknown}
 u - a potion of might {unknown}


   Skills:
 + Level 9.2 Fighting
 - Level 2.0 Dodging
 - Level 3.0 Unarmed Combat
 - Level 3.0 Shapeshifting


You had 7 spell levels left.
You didn't know any spells.
Your spell library contained the following spells:

 Spells                   Type           Power      Damage    Failure   Level
 Slow                     Hex            0%         N/A       30%         1
 Summon Small Mammal      Summ           0%         N/A       30%         1
 Call Canine Familiar     Summ           0%         N/A       67%         3
 Confusing Touch          Hex            0%         N/A       67%         3
 Gell's Gravitas          Tloc           0%         N/A       67%         3
 Sigil of Binding         Hex            0%         N/A       67%         3
 Teleport Other           Tloc           0%         N/A       67%         3
 Vampiric Draining        Necr           0%         2d6       67%         3
 Summon Blazeheart Golem  Fire/Summ      0%         N/A       97%         4
 Dispersal                Tloc           0%         N/A       100%        6


Dungeon Overview and Level Annotations

Branches:
Dungeon (5/15)              Sewer (visited)
 Temple: D:4-7

Altars:

Shops:
D:3 ::*

Annotations:
D:3 2 transporters, osoart's ghost, amateur SpHs


Innate Abilities, Weirdness & Mutations

You are a hulking beast.
Your limbs bulge with bestial killing power. (Slay +1)
You cannot wear most types of armour.
You are amphibious.
You can wear up to eight rings at the same time.
Your skin changes colour to match your surroundings (Stealth+).
Your rubbery body absorbs attacks. (AC +1, EV +1)
((You are camouflaged when in or above water. (Stealth+)))
You have tentacles for arms and can constrict up to eight enemies at once.


Message History

You tentacle-slap the yak. Your squeeze misses the yak.
The yak is almost dead.
The yak barely misses you.
You tentacle-slap the yak. You squeeze the yak.
You kill the yak!
You closely miss the yak. The yak gores you.
You tentacle-slap the yak.
The yak is lightly wounded.
You tentacle-slap the yak. Your squeeze misses the yak.
The yak is lightly wounded.
The yak barely misses you. x2
You tentacle-slap the yak. You squeeze the yak.
The yak is moderately wounded.
The yak closely misses you. The yak barely misses you.
There is an open door here.
You tentacle-slap the yak.
The yak is moderately wounded.
The yak gores you!
You bludgeon the yak!
The yak is heavily wounded.
The yak gores you!
You tentacle-slap the yak. Your squeeze misses the yak.
The yak is severely wounded.
The yak barely misses you.
You tentacle-slap the yak.
The yak is severely wounded.
The yak gores you!
You tentacle-slap the yak. Your squeeze misses the yak.
The yak is severely wounded.
The yak gores you!
* * * LOW HITPOINT WARNING * * *
It was a potion of curing.
You feel better. The yak barely misses you.
It was a potion of invisibility.
You fade into invisibility!
The yak gores you!
* * * LOW HITPOINT WARNING * * *
You tentacle-slap the yak.
The yak is almost dead.
The yak gores you!
You die...

#....# #........
#....# #........
#....# #........
#....##### #........
#....#...# #........
#....#...# #........
#....#...# #........
#..YY###.# #........
###'#h...# #........
#..#....# #........
#.Y#....# Y#........
#Y.#....# ..#........
#.Y######...#........
#...#.......#........
#...#.......#........
#...'.......#........
#...#.......#........


You could see 2 yaks.

Vanquished Creatures
  A yak (D:5)
  2 bullfrogs (Sewer)
  5 scorpions
  A hound (D:5)
  3 bombardier beetles
  2 orc priests
  A sleepcap (D:5)
  An iguana (D:5)
  An orc wizard (D:4)
  A river rat (D:3)
  8 adders
  A worm (D:3)
  5 orcs
  20 ball pythons
  2 bats (D:1)
  11 endoplasms
  18 giant cockroaches
  3 goblins
  6 hobgoblins
  7 kobolds
  15 quokkas
  8 frilled lizards
  5 rats
127 creatures vanquished.

Notes
Turn   | Place    | Note
-------+----------+-------------------------------------------
     0 | D:1      | Sonofthefire the Octopode Shapeshifter began the quest for
                  | the Orb.
     0 | D:1      | Reached XP level 1. HP: 13/13 MP: 1/1
   195 | D:1      | Reached skill level 2 in Fighting
   195 | D:1      | Reached XP level 2. HP: 19/19 MP: 2/2
   910 | D:2      | Reached XP level 3. HP: 20/25 MP: 3/3
   971 | D:2      | Found a faded altar of an unknown god.
  1177 | D:2      | Reached skill level 3 in Fighting
  1515 | D:3      | Found Aschill's Book Boutique.
  1527 | D:3      | Found Gakhlud's Assorted Antiques.
  1717 | D:3      | Reached XP level 4. HP: 23/33 MP: 4/4
  1731 | D:3      | Found a glowing drain.
  1736 | Sewer    | Entered a sewer
  1876 | Sewer    | Reached skill level 4 in Fighting
  2190 | Sewer    | Noticed a bullfrog
  2195 | Sewer    | Noticed a bullfrog
  2208 | Sewer    | Killed a bullfrog
  2209 | Sewer    | Reached skill level 5 in Fighting
  2209 | Sewer    | Reached XP level 5. HP: 21/39 MP: 5/5
  2214 | Sewer    | Reached XP level 6. HP: 21/46 MP: 6/6
  2464 | D:3      | Found a transporter.
  2586 | D:3      | Found a transporter.
  2587 | D:3      | Noticed osoart's ghost (amateur SpHs)
  2644 | D:3      | Found Neown's Book Boutique.
  2660 | D:3      | Reached skill level 6 in Fighting
  3019 | D:4      | Reached skill level 7 in Fighting
  3063 | D:4      | Reached XP level 7. HP: 54/54 MP: 7/7
  3597 | D:5      | Entered Level 5 of the Dungeon
  3830 | D:5      | Reached skill level 8 in Fighting
  4377 | D:5      | Reached XP level 8. HP: 56/63 MP: 8/8
  4408 | D:5      | Noticed a yak
  4469 | D:5      | Noticed a yak
  4469 | D:5      | Noticed a yak
  5020 | D:5      | Reached skill level 9 in Fighting
  5240 | D:5      | Noticed a yak
  5264 | D:5      | Killed a yak
  5293 | D:5      | Mangled by a yak

Illustrated notes

Levels and vault maps discovered:
D:1:      spicycebolla_green_bress_n_ham, layout_rooms, minmay_heptomino_l4
D:2:      layout_basic, basic_ecumenical_altar
D:3:      layout_loops_ring, portal_sewer_entry_e, serial_shops,
          nicolae_shop_dealshenge, nicolae_shop_tiny_waterfront,
          nicolae_shop_hallway_plus, gammafunk_ghost_mausoleum,
          minmay_fountain_box
D:4:      minmay_inner_zag, layout_cave_pools
D:5:      layout_gridville, minmay_misc_feat_x, kennysheep_generic_room_10

Skill      XL: |  1  2  3  4  5  6  7  8 |
---------------+-------------------------+-----
Fighting       | 2 3 5 7 8 9 |  9.2
Dodging        | |  2.0
Unarmed Combat | |  3.0
Shapeshifting  | |  3.0

Action                     |  1- 3 |  4- 6 |  7- 9 || total
---------------------------+-------+-------+-------++-------
  Melee: Unarmed           |    57 |   137 |   103 ||   297
         Constrict         |    14 |    36 |    22 ||    72
         Tentacles         |     6 |    26 |    30 ||    62
         Punch             |       |     4 |     3 ||     7
  Evoke: Wand              |       |       |     2 ||     2
    Use: Potion            |       |     3 |     2 ||     5
   Stab: Sleeping          |     7 |     7 |     3 ||    17
         Distracted        |     1 |       |     1 ||     2
 Armour: Skin              |    25 |    61 |    48 ||   134
  Dodge: Dodged            |    35 |    66 |    59 ||   160
  Block: Other             |     5 |    28 |    13 ||    46

Table legend: (Time is in decaauts)
 A = Elapsed time spent in this place.
 B = Non-inter-level travel time spent in this place.
 C = Inter-level travel time spent in this place.
 D = Time resting spent in this place.
 E = Time spent auto-exploring this place.
 F = Levels seen in this place.
 G = Mean time per level.
                   A        B        C        D        E       F      G
               +--------+--------+--------+--------+--------+-----+--------+
         Total |   5273 |   5116 |    157 |   1479 |   2662 |   6 |  878.8 |
       Dungeon |   4633 |   4476 |    157 |   1121 |   2604 |   5 |  926.6 |
         Sewer |    639 |    639 |      0 |    358 |     58 |   1 |  639.0 |
               +--------+--------+--------+--------+--------+-----+--------+

Top non-repeatable levels by time:
     D:5: 1691 daAuts
     D:2: 947 daAuts
     D:4: 780 daAuts
     D:3: 727 daAuts
   Sewer: 639 daAuts
     D:1: 486 daAuts
